 Dungeon Crawl Stone Soup version 0.23.2-1-ga50397a (webtiles) character file.

Game seed: 11145783114034480490

37 Kairos the Insei (level 3, 0/23 HPs)
             Began as an Octopode Transmuter on Apr 25, 2019.
             Succumbed to an adder's poison
             ... on level 1 of the Dungeon.
             The game lasted 00:01:28 (1294 turns).

Kairos the Insei (Octopode Transmuter)              Turns: 1294, Time: 00:01:29

Health: 0/23       AC:  1    Str: 15    XL:     3   Next: 39%
Magic:  6/6        EV: 13    Int: 15    God:
Gold:   49         SH:  0    Dex: 12    Spells: 5/6 levels left

rFire    . . .     SeeInvis .     - Unarmed
rCold    + . .     Gourm    .   (no shield)
rNeg     . . .     Faith    .   (helmet restricted)
rPois    .         Spirit   .   (no amulet)
rElec    .         Reflect  .   h - ring of protection from cold
rCorr    .         Harm     .   (no ring)
MR       .....                  (no ring)
Stlth    +++.......             (no ring)
HPRegen  0.07/turn              (no ring)
MPRegen  0.10/turn              (no ring)
                                (no ring)
                                (no ring)

@: mighty, lethally poisoned (0 -> -11)
A: almost no armour, stealthy swim, amphibious, 8 rings, constrict 8, camouflage
1, gelatinous body 1
a: no special abilities


You were on level 1 of the Dungeon.
You were not hungry.

You visited 1 branch of the dungeon, and saw 2 of its levels.

You collected 49 gold pieces.

Inventory:

Missiles
 a - 12 arrows
Jewellery
 h - a ring of protection from cold (left tentacle)
Scrolls
 b - a scroll of enchant armour {unknown}
 d - a scroll of fog {unknown}
 f - a scroll of remove curse {unknown}
Potions
 g - a potion of might
Comestibles
 c - 3 rations


   Skills:
 + Level 1.1 Fighting
 + Level 2.2 Dodging
 + Level 1.3 Stealth
 + Level 3.6 Unarmed Combat
 + Level 2.3 Spellcasting
 + Level 2.0 Transmutations


You had 5 spell levels left.
You knew the following spells:

 Your Spells              Type           Power        Failure   Level  Hunger
a - Beastly Appendage     Tmut           #.....       10%         1    #......

Your spell library contained the following spells:

 Spells                   Type           Power        Failure   Level  Hunger
 Sticks to Snakes         Tmut           #.......     14%         2    ###....
 Spider Form              Tmut/Pois      #.........   38%         3    ###....
 Ice Form                 Ice/Tmut       #.......     80%         4    #####..
 Blade Hands              Tmut           #.........   95%         5    ######.


Dungeon Overview and Level Annotations

Branches:
Dungeon (2/15)

Altars:


Innate Abilities, Weirdness & Mutations

You cannot wear most types of armour.
You are very stealthy in the water. (Stealth+)
You are amphibious.
You can wear up to eight rings at the same time.
You can use your tentacles to constrict eight enemies at once.
Your skin changes colour to match your surroundings (Stealth+).
Your rubbery body absorbs attacks. (AC +1, EV +1)


Message History

You feel much better. The adder closely misses you.
The adder barely misses you.
You feel very mighty all of a sudden.
You feel sick. The adder misses you. The adder barely misses you.
You closely miss the adder. Your grab misses the adder.
The adder barely misses you. The adder completely misses you.
You completely miss the adder. Your grab misses the adder.
The adder bites you. x2
The adder closely misses you. The adder barely misses you.
You barely miss the adder. Your grab misses the adder.
You feel sick. The adder closely misses you. The adder bites you.
You barely miss the adder. You grab the adder. You constrict the adder.
The adder bites you.
* * * LOW HITPOINT WARNING * * *
You are lethally poisoned!
The adder poisons you! The adder bites you.
* * * LOW HITPOINT WARNING * * *
You tentacle-slap the adder. You squeeze the adder.
The adder is heavily wounded.
You constrict the adder.
You die...

#############.##.# #.#
##....... #.##.# #.#
#....... #(##.###.#
#.##'#.# #.##>....#
#.##.#.#
#.############.##.#.#
#.................#.#
##############.......
#######################.#
#......S@S..............#
#(#######################
#.# #.# #.# #.# #.# #.#
#.#


You could see 2 adders.

Vanquished Creatures
  3 dart slugs (D:1)
  2 leopard geckos (D:1)
  4 giant cockroaches
  4 goblins (D:1)
  A hobgoblin (D:1)
  5 bats
  4 frilled lizards
  4 kobolds (D:1)
  2 rats (D:1)
29 creatures vanquished.

Notes
Turn   | Place    | Note
-------+----------+-------------------------------------------
     0 | D:1      | Kairos the Octopode Transmuter began the quest for the Orb.
     0 | D:1      | Reached XP level 1. HP: 13/13 MP: 3/3
   348 | D:1      | Reached XP level 2. HP: 17/18 MP: 5/5
   553 | D:1      | Reached skill level 1 in Stealth
   773 | D:1      | Reached XP level 3. HP: 19/23 MP: 6/6
  1293 | D:1      | HP: 1/23 [adder (5)]
  1294 | D:1      | Succumbed to an adder's poison

Skill      XL: |  1  2 |
---------------+-------+-----
Stealth        | 1 |  1.3
Fighting       | |  1.1
Dodging        | |  2.2
Unarmed Combat | |  3.6
Spellcasting   | |  2.3
Transmutations | |  2.0

Action                   || total
-------------------------++-------
Melee: Unarmed           ||    67
       Constrict         ||    19
       Punch             ||     2
       Tentacles         ||    11
  Use: Scroll            ||     2
       Potion            ||     2
 Stab: Sleeping          ||     9
  Eat: Chunk             ||     1
Armor: Skin              ||     5
Dodge: Dodged            ||    62
